 Dungeon Sprint DCSS version 0.26-a0-683-g5206c1d7ac (webtiles) character file.

Game seed: 5014516519031644810

810 rocky1 the Spear-Bearer (level 7, -8/56 HPs)
             Began as a Merfolk Fighter on Oct 23, 2020.
             Was a Believer of Cheibriados.
             Mangled by a fire elemental (14 damage)
             ... summoned by a deep elf mage
             ... in the Dungeon (Sprint III: "The Ten Rune Challenge").
             The game lasted 00:04:03 (1056 turns).

rocky1 the Spear-Bearer (Merfolk Fighter)           Turns: 1056, Time: 00:04:03

Health: -8/56      AC:  6    Str: 24    XL:     7   Next: 92%
Magic:  10/10      EV: 12    Int: 12    God:    Cheibriados [**....]
Gold:   25         SH: 13    Dex: 18    Spells: 6/6 levels left

rFire    . . .     SeeInvis .   a - +0 trident
rCold    . . .     Faith    .   c - +0 kite shield
rNeg     . . .     Spirit   .   b - +0 scale mail
rPois    .         Reflect  .   (no helmet)
rElec    .         Harm     .   (no cloak)
rCorr    .         Rampage  .   (no gloves)
MR       .....     NoTele   +   (no boots)
Stlth    ..........             (no amulet)
HPRegen  0.18/turn              (no ring)
MPRegen  0.12/turn              (no ring)

@: liquid flames, glowing, very slow
A: change form in water, swift swim, stealthy swim
a: Bend Time, Renounce Religion


You were in the Dungeon.
You worshipped Cheibriados.
Cheibriados was pleased with you.
You visited 1 branch You collected 25 gold pieces.

Inventory:

Hand Weapons
 a - a +0 trident (weapon)
Armour
 b - a +0 scale mail (worn)
 c - a +0 kite shield (worn)
Wands
 d - a wand of disintegration (13)
Scrolls
 g - a scroll of immolation {unknown}
 k - a scroll of magic mapping {unknown}
 l - 3 scrolls of remove curse
 n - a scroll of holy word {unknown}
 o - a scroll of identify {unknown}
Potions
 e - a potion of curing
 f - a potion of heal wounds
 h - 2 potions of magic
 i - a potion of might
 m - 3 potions of flight
 p - 4 potions of mutation


   Skills:
 + Level 5.3 Fighting
 - Level 14.1 Polearms
 + Level 3.6 Armour
 + Level 4.8 Dodging
 + Level 11.2 Shields
 + Level 4.0 Invocations


You had 6 spell levels left.
You didn't know any spells.
Your spell library was empty.

Dungeon Overview and Level Annotations

Branches:
Dungeon (1/1)

Altars:
Cheibriados
Dithmenos
Elyvilon
Fedhas
Gozag
Hepliaklqana
Makhleb
Nemelex Xobeh
Okawaru
Qazlal
Ru
Trog
Uskayaw
Wu Jian
Xom
Yredelemnul
Zin
The Shining One
Beogh
Jiyva
Lugonu


Message History

The deep elf mage hits you with a +1 long sword of holy wrath.
* * * LOW HITPOINT WARNING * * *
You block the fire elemental's attack.
You feel much better. The deep elf mage casts a spell at you.
The sticky flame hits you!
You are covered in liquid flames!
* * * LOW HITPOINT WARNING * * *
You block the fire elemental's attack.
You miss the deep elf mage.
The deep elf mage is severely wounded.
You are covered in liquid flames!
* * * LOW HITPOINT WARNING * * *
The fire elemental barely misses you. You block the deep elf mage's attack.
You hit the deep elf mage but do no damage.
The deep elf mage is severely wounded.
You are covered in liquid flames!
* * * LOW HITPOINT WARNING * * *
The fire elemental hits you. The fire elemental burns you!
You die...

▓▓▓▓▓▓ ▓▓▓ .#[..####
##.############
.#......#####..#_E°#___#__#
##.......#..#..#@eE#__.#._#
.##.##...#..#..###§#)###)##
.##.###..##'#..#.○○.†.....#
####.##..###...'.⌠........#
##..##..####...#...######'#
....##..###....#.⌠.#__#...#
#†.##...##.....#...#__#...#
..##....#......#+###__#...#
.###..##.#.....# #__#...+


You could see a deep elf mage and 2 fire elementals.

Vanquished Creatures
  A shadow (D)
  A spatial vortex (D)
  A necrophage (D)
  A water elemental (D)
  A scorpion (D)
  A jelly (D)
  A necromancer (D)
  3 humans (D)
  An ooze (D)
  3 rats (D)
14 creatures vanquished.

Notes
Turn   | Place    | Note
-------+----------+-------------------------------------------
     0 | D        | rocky1 the Merfolk Fighter began the quest for the Orb.
     0 | D        | Reached XP level 1. HP: 18/18 MP: 1/1
    12 | D        | Reached skill level 4 in Polearms
    36 | D        | Reached XP level 2. HP: 24/24 MP: 2/2
    71 | D        | Reached skill level 6 in Polearms
    71 | D        | Reached skill level 5 in Shields
    71 | D        | Reached XP level 3. HP: 6/29 MP: 3/3
   321 | D        | Noticed a scorpion
   343 | D        | Killed a scorpion
   343 | D        | Reached skill level 8 in Polearms
   343 | D        | Reached XP level 4. HP: 20/35 MP: 4/4
   586 | D        | Noticed a water elemental
   595 | D        | Killed a water elemental
   595 | D        | Reached skill level 10 in Polearms
   595 | D        | Reached XP level 5. HP: 41/41 MP: 5/5
   641 | D        | Noticed a shadow
   647 | D        | Killed a shadow
   647 | D        | Reached skill level 12 in Polearms
   647 | D        | Reached XP level 6. HP: 47/47 MP: 6/6
   652 | D        | Reached skill level 13 in Polearms
   663 | D        | Found a blossoming altar of Fedhas.
   663 | D        | Found a stormy altar of Qazlal.
   663 | D        | Found a snail-covered altar of Cheibriados.
   663 | D        | Found a burning altar of Makhleb.
   663 | D        | Found a shimmering altar of Xom.
   663 | D        | Noticed a spatial vortex
   664 | D        | Found a hazy altar of Hepliaklqana.
   664 | D        | Found an opulent altar of Gozag.
   664 | D        | Found a sparkling altar of Nemelex Xobeh.
   664 | D        | Found a corrupted altar of Lugonu.
   664 | D        | Found a viscous altar of Jiyva.
   668 | D        | Became a worshipper of Cheibriados the Contemplative
   675 | D        | Killed a spatial vortex
   675 | D        | Reached skill level 14 in Polearms
   675 | D        | Reached skill level 10 in Shields
   675 | D        | Reached XP level 7. HP: 16/52 MP: 7/7
   894 | D        | Found a basalt altar of Yredelemnul.
   894 | D        | Found a shadowy altar of Dithmenos.
   894 | D        | Found a sacrificial altar of Ru.
   896 | D        | Reached * piety under Cheibriados
   910 | D        | Reached skill level 1 in Invocations
   922 | D        | Found a hide-covered altar of Uskayaw.
   922 | D        | Found a roughly hewn altar of Beogh.
   922 | D        | Found an iron altar of Okawaru.
   922 | D        | Found a bloodstained altar of Trog.
   922 | D        | Found an ornate altar of the Wu Jian Council.
   922 | D        | Noticed a human
   922 | D        | Noticed a human
   928 | D        | Killed a human
   928 | D        | Reached ** piety under Cheibriados
   947 | D        | Killed a human
   947 | D        | Reached skill level 5 in Fighting
  1037 | D        | Found a glowing silver altar of Zin.
  1038 | D        | Found a glowing golden altar of the Shining One.
  1038 | D        | Found a white marble altar of Elyvilon.
  1038 | D        | Noticed a deep elf mage
  1045 | D        | Noticed a fire elemental
  1045 | D        | Noticed a fire elemental
  1047 | D        | Noticed a fire elemental
  1053 | D        | HP: 1/56 [deep elf mage/+1 long sword of holy wrath (5)]
  1056 | D        | Mangled by a fire elemental

Illustrated notes

Levels and vault maps discovered:
D:        dungeon_sprint_mu [sprint_mu_entry_cave, sprint_mu_temple_rooms,
          sprint_mu_d1_spiders, sprint_mu_d2_genie, sprint_mu_d3_branching,
          sprint_mu_orc_legion, sprint_mu_elf_gauntlet, sprint_mu_hive_nellie,
          sprint_mu_lair_fedhas, sprint_mu_vaults_butterflies,
          sprint_mu_slime_circle, sprint_mu_shoals_kraken,
          sprint_mu_snake_twists, sprint_mu_blade_basic, sprint_mu_crypt_lich,
          sprint_mu_tomb_spiral, sprint_mu_vestibule_basic,
          sprint_mu_gehenna_hellfire, sprint_mu_dis_giant,
          sprint_mu_tartarus_statrot, sprint_mu_cocytus_islands, sprint_mu_zot1]

Skill      XL: |  1  2  3  4  5  6  7 |
---------------+----------------------+-----
Polearms       | 4 6 8 10 12 14 | 14.1
Shields        | 4 5 6 7 9 10 11 | 11.2
Fighting       | 5 |  5.3
Dodging        | 4 |  4.8
Invocations    | 4 |  4.0
Armour         | 3 |  3.6

Action                   |  1- 3 |  4- 6 |  7- 9 || total
-------------------------+-------+-------+-------++-------
Melee: Trident           |    55 |    25 |    57 ||   137
  Use: Potion            |     1 |     2 |     1 ||     4
       Scroll            |       |       |     1 ||     1
Armor: Scale mail        |     7 |     4 |    12 ||    23
Dodge: Dodged            |     5 |     2 |     7 ||    14
Block: Kite shield       |    24 |     4 |    21 ||    49

Table legend: (Time is in decaauts)
 A = Elapsed time spent in this place.
 B = Non-inter-level travel time spent in this place.
 C = Inter-level travel time spent in this place.
 D = Time resting spent in this place.
 E = Time spent auto-exploring this place.
 F = Levels seen in this place.
 G = Mean time per level.
                   A        B        C        D        E       F      G
               +--------+--------+--------+--------+--------+-----+--------+
         Total |   1047 |   1047 |      0 |    775 |      0 |   1 | 1047.0 |
       Dungeon |   1047 |   1047 |      0 |    775 |      0 |   1 | 1047.0 |
               +--------+--------+--------+--------+--------+-----+--------+

Top non-repeatable levels by time:
       D: 1047 daAuts
